Workbook
Name \0: #REF!
Name \0: #REF!
Name \00: #REF!
Name \00: #REF!
Name \a: #REF!
Name \a: #REF!
Name \AA: [1]LIQUIDACION!#REF!
Name \AA: [1]LIQUIDACION!#REF!
Name \b: [2]STRSUMM0!#REF!
Name \b: [2]STRSUMM0!#REF!
Name \bb: [2]STRSUMM0!#REF!
Name \bb: [2]STRSUMM0!#REF!
Name \E: #REF!
Name \E: #REF!
Name \EE: #REF!
Name \EE: #REF!
Name \G: #REF!
Name \G: #REF!
Name \k: '[3]7422CW00'!#REF!
Name \k: '[3]7422CW00'!#REF!
Name \l: [4]STRSUMM0!#REF!
Name \l: [4]STRSUMM0!#REF!
Name \M: #REF!
Name \M: #REF!
Name \ñ: '[5]7422CW00'!#REF!
Name \ñ: '[5]7422CW00'!#REF!
Name \P: #REF!
Name \P: #REF!
Name \R: #REF!
Name \R: #REF!
Name \s: #REF!
Name \s: #REF!
Name \V: #REF!
Name \V: #REF!
Name \X: [0]!ERR
Name \Z: [0]!ERR
Name _________AFC1: [6]INV!$A$25:$D$28
Name _________AFC3: [6]INV!$F$25:$I$28
Name _________AFC5: [6]INV!$K$25:$N$28
Name _________BGC1: [6]INV!$A$5:$D$8
Name _________BGC3: [6]INV!$F$5:$I$8
Name _________BGC5: [6]INV!$K$5:$N$8
Name _________CAC1: [6]INV!$A$19:$D$22
Name _________CAC3: [6]INV!$F$19:$I$22
Name _________CAC5: [6]INV!$K$19:$N$22
Name _________PJ50: #REF!
Name _________PJ50: #REF!
Name _________SBC1: [6]INV!$A$12:$D$15
Name _________SBC3: [6]INV!$F$12:$I$15
Name _________SBC5: [6]INV!$K$12:$N$15
Name ________AFC1: [6]INV!$A$25:$D$28
Name ________AFC3: [6]INV!$F$25:$I$28
Name ________AFC5: [6]INV!$K$25:$N$28
Name ________BGC1: [6]INV!$A$5:$D$8
Name ________BGC3: [6]INV!$F$5:$I$8
Name ________BGC5: [6]INV!$K$5:$N$8
Name ________CAC1: [6]INV!$A$19:$D$22
Name ________CAC3: [6]INV!$F$19:$I$22
Name ________CAC5: [6]INV!$K$19:$N$22
Name ________MA2: #REF!

Sheet PRESUPUESTO OFICIAL (Entidad)
C3: Formulario 1 - Propuesta económica - Documento tipo de mínima cuantía de obra pública de infraestructura de transporte - versión 2
C4: Código | D4: CCE-EICP-FM-32 | E4: Versión | F4: 2
C5: FORMULARIO 1
C6: OBJETO: OBRAS DE SEÑALIZACION VIAL EN VIAS CODIGO 7007 AGUACLARA - OCAÑA Y 7008 OCAÑA - SADINATA A CARGO DEL INSTITUTO NACIONAL DE VÍAS, DIRECCION TERRITORIAL OCAÑA
C7: PRESUPUESTO OFICIAL
C8: [La Entidad puede utilizar este formulario de detalle del presupuesto oficial para determinar las condiciones bajo las cuales los Proponentes analizarán y presentarán su propuesta económica de forma detallada, sin perjuicio que la Entidad pueda modificarlo o establecer la presentación de la oferta económica con un formulario distinto al indicado.] [El presente Formulario aplica para los Procesos de Contratación que tengan como forma de pago precios unitarios. Tratándose de otras modalidades de pago, la Entidad debe ajustarlo cuando corresponde a: precio global, llave en mano, administración delegada, reembolso de gastos o cualquier otra forma de pago.]
C10: Adicionalmente, cuando el proceso de contratación es estructurado por precios unitarios, la Entidad debe aplicar las notas 1, 2 y 3 del presente formulario y las casillas de "Descripción", "Porcentaje" de la Administración, Imprevisto, Utilidad y total A.I.U. resaltadas en color amarillo. Tratándose de otras modalidades de precio, la Entidad puede o no configurar los mismos aspectos.
C12: Nº | D12: ÍTEM DE PAGO | E12: ESPECIFICACIONES | G12: DESCRIPCIÓN | H12: UND. | I12: CANTIDAD | J12: VALOR UNITARIO | K12: VALOR TOTAL
E13: GENERAL | F13: PARTICULAR
C14: I. SEÑALIZACIÓN Y SEGURIDAD | K14: =SUM(K15:K19) -> 99274525
C15: 1 | D15: 710.1.1 | E15: 710-22 | G15: SEÑAL VERTICAL DE TRANSITO TIPO SR, SP Y/O SI, TABLERO EN LÁMINA CON LAMINA RETRORREFLECTIVA TIPO IX (75X75 cm) | H15: u | I15: 39 | J15: =+ROUND('710.1.1'!N110,0) -> 728683 | K15: =+I15*J15 -> 28418637
C16: 2 | D16: 710.1.3 | E16: 710-22 | G16: SEÑAL VERTICAL DE TRANSITO TIPO SI-04 (POSTES DE REFERENCIA), REFLECTIVO TIPO IX (1,25m X 0,45m) | H16: u | I16: 15 | J16: =+ROUND('710.1.3'!N110,0) -> 694148 | K16: =+I16*J16 -> 10412220
C17: 3 | D17: 700.1 | E17: 700-22 | G17: LÍNEA DE DEMARCACIÓN CON PINTURA EN FRÍO | H17: m | I17: =4500*3+182 -> 13682 | J17: =+ROUND('700.1'!N110,0) -> 3000 | K17: =+I17*J17 -> 41046000
C18: 4 | D18: 700.3 | E18: 700-22 | G18: MARCA VIAL CON PINTURA EN FRÍO | H18: m2 | I18: 67 | J18: =ROUND('700.3'!N110,0) -> 47628 | K18: =+I18*J18 -> 3191076
C19: 5 | D19: 701.1.1 | E19: 701-22 | G19: TACHA RETRORREFLECTIVA - ADHESIVO BITUMINOSO Y/O TERMOPLÁSTICO | H19: u | I19: =+ROUND(I17/8,0)+1 -> 1711 | J19: =+ROUND('701.1.1'!N110,0) -> 9472 | K19: =+I19*J19 -> 16206592
C20: SUBTOTAL OBRAS | K20: =+K14 -> 99274525
G22: VALOR TOTAL BÁSICO DE OBRAS | K22: =+K20 -> 99274525
G23: VALOR IVA (OBRA) (19% SOBRE UTILIDAD OBRA) | K23: =ROUND((+K22*0.05*0.19)/(1+0.3),0) -> 725468
G24: SUBTOTAL OBRAS (INCLUYE IVA) | K24: =+K22+K23 -> 99999993
G25: VALOR TOTAL | K25: =+SUM(K24:K24) -> 99999993
C29: NOTA 1: Se debe tener en cuenta que el PRECIO UNITARIO incluye el valor de AIU. | H29: DESCRIPCION | K29: PORCENTAJE
C30: NOTA 2: Cuando la fracción decimal del peso sea igual o superior a 5 se aproximará por exceso al número entero siguiente del peso y cuando la fracción decimal del peso sea inferior a 5 se aproximará por defecto al número entero del peso. | H30: ADMINISTRACIÓN | J30: A= | K30: 0.2
C31: NOTA 3: El AIU y su discriminación deben estar en porcentaje (%). | H31: IMPREVISTO | J31: I= | K31: 0.05
H32: UTILIDAD | J32: U= | K32: 0.05
H33: TOTAL A.I.U | J33: A.I.U.= | K33: 0.3

Sheet PROPUESTA ECONOMICA (proponente
C3: Formulario 1 - Propuesta económica - Documento tipo de mínima cuantía de obra pública de infraestructura de transporte - versión 2
C4: Código | D4: CCE-EICP-FM-32 | E4: Versión | F4: 2
C5: FORMULARIO 1
C6: OBJETO: OBRAS DE SEÑALIZACION VIAL EN VIAS CODIGO 7007 AGUACLARA - OCAÑA Y 7008 OCAÑA - SADINATA A CARGO DEL INSTITUTO NACIONAL DE VÍAS, DIRECCION TERRITORIAL OCAÑA
C7: PROPUESTA ECONOMICA
C8: [La Entidad puede utilizar este formulario de detalle del presupuesto oficial para determinar las condiciones bajo las cuales los Proponentes analizarán y presentarán su propuesta económica de forma detallada, sin perjuicio que la Entidad pueda modificarlo o establecer la presentación de la oferta económica con un formulario distinto al indicado.] [El presente Formulario aplica para los Procesos de Contratación que tengan como forma de pago precios unitarios. Tratándose de otras modalidades de pago, la Entidad debe ajustarlo cuando corresponde a: precio global, llave en mano, administración delegada, reembolso de gastos o cualquier otra forma de pago.]
C10: Adicionalmente, cuando el proceso de contratación es estructurado por precios unitarios, la Entidad debe aplicar las notas 1, 2 y 3 del presente formulario y las casillas de "Descripción", "Porcentaje" de la Administración, Imprevisto, Utilidad y total A.I.U. resaltadas en color amarillo. Tratándose de otras modalidades de precio, la Entidad puede o no configurar los mismos aspectos.
C12: Nº | D12: ÍTEM DE PAGO | E12: ESPECIFICACIONES | G12: DESCRIPCIÓN | H12: UND. | I12: CANTIDAD | J12: VALOR UNITARIO | K12: VALOR TOTAL
E13: GENERAL | F13: PARTICULAR
C14: I. SEÑALIZACIÓN Y SEGURIDAD
C15: 1 | D15: 710.1.1 | E15: 710-22 | G15: SEÑAL VERTICAL DE TRANSITO TIPO SR, SP Y/O SI, TABLERO EN LÁMINA CON LAMINA RETRORREFLECTIVA TIPO IX (75X75 cm) | H15: u
C16: 2 | D16: 710.1.3 | E16: 710-22 | G16: SEÑAL VERTICAL DE TRANSITO TIPO SI-04 (POSTES DE REFERENCIA), REFLECTIVO TIPO IX (1,25m X 0,45m) | H16: u
C17: 3 | D17: 700.1 | E17: 700-22 | G17: LÍNEA DE DEMARCACIÓN CON PINTURA EN FRÍO | H17: m
C18: 4 | D18: 700.3 | E18: 700-22 | G18: MARCA VIAL CON PINTURA EN FRÍO | H18: m2
C19: 5 | D19: 701.1.1 | E19: 701-22 | G19: TACHA RETRORREFLECTIVA - ADHESIVO BITUMINOSO Y/O TERMOPLÁSTICO | H19: u
C20: SUBTOTAL OBRAS
G22: VALOR TOTAL BÁSICO DE OBRAS
G23: VALOR IVA (OBRA) (19% SOBRE UTILIDAD OBRA)
G24: SUBTOTAL OBRAS (INCLUYE IVA)
G25: VALOR TOTAL
C29: NOTA 1: Se debe tener en cuenta que el PRECIO UNITARIO incluye el valor de AIU. | H29: DESCRIPCION | K29: PORCENTAJE
C30: NOTA 2: Cuando la fracción decimal del peso sea igual o superior a 5 se aproximará por exceso al número entero siguiente del peso y cuando la fracción decimal del peso sea inferior a 5 se aproximará por defecto al número entero del peso. | H30: ADMINISTRACIÓN | J30: A=
C31: NOTA 3: El AIU y su discriminación deben estar en porcentaje (%). | H31: IMPREVISTO | J31: I=
H32: UTILIDAD | J32: U=
H33: TOTAL A.I.U | J33: A.I.U.=

Sheet 700.1
K1: CÓDIGO | L1: FR-APU-1
C2: INSTITUTO NACIONAL DE VIAS
C3: ANÁLISIS DE PRECIOS UNITARIOS REGIONALIZADOS DE REFERENCIA | K3: VERSIÓN | L3: 2021
C5: ACTUALIZACIÓN PERIÓDICA | K5: PÁGINA
K8: FECHA
L9: (Día) | M9: (Mes) | N9: (Año)
B10: ÍTEM BASE DE APU DE REFERENCIA: | E10: ⊠ | F10: PUBLICACIÓN: | H10: 2022-2 DICIEMBRE 2022
B12: ÍTEM DE PROYECTO PARTICULAR:
B13: ÍTEM DE LA PROPUESTA ECONÓMICA: | E13: □ | H13: ÍTEM NO PREVISTO: | J13: □ | K13: ÍTEM APU PARTICULAR: | M13: □
B14: UNIDAD EJECUTORA: | J14: DIRECCIÓN TERRITORIAL:
B17: CONTRATO No. | D17: FECHA:
B18: OBJETO DEL CONTRATO:
B21: CARRETERA: | J21: SECTOR:
B23: CONTRATISTA:
B25: INTERVENTOR: | K25: CONTRATO No. | M25: FECHA: | N25: ______________
B27: FECHA DE CIERRE DEL PROCESO DE SELECCIÓN DEL CONTRATO: | I27: / | J27: /
F28: (Día) | H28: (Día) | I28: (Mes) | J28: (Año)
B30: DATOS ESPECÍFICOS
B32: ÍTEM | C32: DESCRIPCIÓN | J32: GRUPO DE AJUSTE | L32: UNIDAD | N32: CANTIDAD
B33: 700.1 | C33: LÍNEA DE DEMARCACIÓN CON PINTURA EN FRÍO | L33: m
B35: I. EQUIPO
B37: CÓDIGO | C37: DESCRIPCIÓN | J37: TIPO | K37: TARIFA/HORA | L37: RENDIMIENTO | N37: Vr. UNITARIO
B38: C0010120 | C38: Camioneta de estacas 4x4 | K38: 58532.156 | L38: =1/1692.25 -> 0.00059092924 | N38: =K38*L38 -> 34.588362
B39: C0010920 | C39: Vehículo delineador para aplicación de pintura con mínimo 2 boquillas (NTC 4744-2) | K39: 224557 | L39: =1/1692.25 -> 0.00059092924 | N39: =K39*L39 -> 132.6973
N40: =K40*L40 -> 0
N41: =K41*L41 -> 0
N42: =K42*L42 -> 0
N43: =K43*L43 -> 0
N44: =K44*L44 -> 0
N45: =K45*L45 -> 0
N46: =K46*L46 -> 0
N47: =K47*L47 -> 0
N48: =K48*L48 -> 0
N49: =K49*L49 -> 0
N50: =K50*L50 -> 0
N51: =K51*L51 -> 0
C52: HERRAMIENTA MENOR (%) | L52: 0.05 | N52: =L52*N98 -> 1.0704437
B53: SUBTOTAL $ | N53: =SUM(N38:N52) -> 168.3561
B55: II. MATERIALES
B57: CÓDIGO | C57: DESCRIPCIÓN | J57: UNIDAD | K57: CANTIDAD | L57: PRECIO UNIT. | N57: Vr. UNITARIO
B58: B0013940 | C58: Microesferas reflectivas de vidrio | J58: kg | K58: 0.0532 | L58: 6589.9787 | N58: =K58*L58 -> 350.58687
B59: B0014740 | C59: Pintura acrílica pura para demarcacion vial. | J59: gl | K59: 0.013 | L59: 134126.68 | N59: =K59*L59 -> 1743.6468
B60: B014002 | C60: Disolvente para pintura de demarcacion vial (XILOL) | J60: gl | K60: 0.00043 | L60: 55100.714 | N60: =K60*L60 -> 23.693307
N61: =K61*L61 -> 0
N62: =K62*L62 -> 0
N63: =K63*L63 -> 0
N64: =K64*L64 -> 0
N65: =K65*L65 -> 0
N66: =K66*L66 -> 0
N67: =K67*L67 -> 0
N68: =K68*L68 -> 0
N69: =K69*L69 -> 0
N70: =K70*L70 -> 0
N71: =K71*L71 -> 0
N72: =K72*L72 -> 0
B73: SUBTOTAL $ | N73: =SUM(N58:N72) -> 2117.927
B75: III. TRANSPORTES
B77: CÓDIGO | C77: DESCRIPCIÓN | I77: UNIDAD | J77: CANTIDAD (1) | K77: DISTANCIA (2) | L77: (1) * (2) | M77: TARIFA | N77: Vr. UNITARIO
N78: =L78*M78 -> 0
N79: =L79*M79 -> 0
N80: =L80*M80 -> 0
N81: =L81*M81 -> 0
N82: =L82*M82 -> 0
B83: SUBTOTAL $ | N83: =SUM(N78:N82) -> 0
B85: IV. MANO DE OBRA
B87: CÓDIGO | C87: DESCRIPCIÓN | I87: JORNAL | J87: PRESTACIONES (%) | K87: JR. TOTAL | L87: RENDIMIENTO | N87: Vr. UNITARIO
B88: A0030030 | C88: Obrero (3) | I88: =K88/J88*100 -> 100000 | J88: 185 | K88: 185000 | L88: 13538 | N88: =K88/L88 -> 13.665239
B89: A0040010 | C89: Oficial | I89: =K89/J89*100 -> 56666.667 | J89: 185 | K89: 104833.33 | L89: 13538 | N89: =K89/L89 -> 7.7436352
B98: SUBTOTAL $ | N98: =SUM(N88:N97) -> 21.408874
B100: TOTAL COSTO DIRECTO $ | N100: =N53+N73+N83+N98 -> 2307.692
B102: V. COSTOS INDIRECTOS
B104: DESCRIPCIÓN | K104: Porcentaje | L104: Valor Total
B105: ADMINISTRACION | K105: 0.2 | L105: =K105*N100 -> 461.53839
B106: IMPREVISTOS | K106: 0.05 | L106: =K106*N100 -> 115.3846
B107: UTILIDAD | K107: 0.05 | L107: =K107*N100 -> 115.3846
B108: SUBTOTAL $ | N108: =L105+L106+L107 -> 692.30759
B110: Precio Unitario Total Aproximado al Peso $ | N110: =N100+N108 -> 2999.9995
E115: Firma
E116: Nombre:
E117: Representante Legal del Contratista o su Apoderado
E118: Matricula No. :
B120: OBSERVACIONES INTERVENTORÍA:
B125: APROBACIÓN POR INTERVENTORÍA
B126: Nota 1: Cuando se trate de Análisis de precios unitarios correspondientes a ítems de la propuesta económica aprobada, el Interventor aprueba el desglose de los componentes manteniendo el mismo precio unitario de cada ítem, cumpliendo con las especificaciones de construcción vigentes para el proyecto.
B128: Nota 2: Cuando se trate de Análisis de precios unitarios de ítems no previstos, el Interventor aprueba el desglose y precio unitario de cada ítem no previsto, exigiendo la aplicación de los costos correspondientes a insumos y tarifas de la propuesta económica inicial cuando estén contemplados, cumpliendo con las especificaciones de construcción vigente para el proyecto.
E134: Firma
E135: Nombre:
E136: Representante Legal del Interventor o su Apoderado
E137: Matricula No. :
B139: NOTA: Los documentos publicados periódicamente son propiedad del Instituto Nacional de Vías. Su uso con fines comerciales o de lucro a cualquier título sin previa autorización, está totalmente prohibido y constituye una infracción a la normatividad vigente.

Sheet 700.3
K1: CÓDIGO | L1: FR-APU-1
C2: INSTITUTO NACIONAL DE VIAS
C3: ANÁLISIS DE PRECIOS UNITARIOS REGIONALIZADOS DE REFERENCIA | K3: VERSIÓN | L3: 2021
C5: ACTUALIZACIÓN PERIÓDICA | K5: PÁGINA
K8: FECHA
L9: (Día) | M9: (Mes) | N9: (Año)
B10: ÍTEM BASE DE APU DE REFERENCIA: | E10: ⊠ | F10: PUBLICACIÓN: | H10: 2022-2 DICIEMBRE 2022
B12: ÍTEM DE PROYECTO PARTICULAR:
B13: ÍTEM DE LA PROPUESTA ECONÓMICA: | E13: □ | H13: ÍTEM NO PREVISTO: | J13: □ | K13: ÍTEM APU PARTICULAR: | M13: □
B14: UNIDAD EJECUTORA: | J14: DIRECCIÓN TERRITORIAL:
B17: CONTRATO No. | D17: FECHA:
B18: OBJETO DEL CONTRATO:
B21: CARRETERA: | J21: SECTOR:
B23: CONTRATISTA:
B25: INTERVENTOR: | K25: CONTRATO No. | M25: FECHA: | N25: ______________
B27: FECHA DE CIERRE DEL PROCESO DE SELECCIÓN DEL CONTRATO: | I27: / | J27: /
F28: (Día) | H28: (Día) | I28: (Mes) | J28: (Año)
B30: DATOS ESPECÍFICOS
B32: ÍTEM | C32: DESCRIPCIÓN | J32: GRUPO DE AJUSTE | L32: UNIDAD | N32: CANTIDAD
B33: 700.3 | C33: MARCA VIAL CON PINTURA EN FRÍO | L33: m2
B35: I. EQUIPO
B37: CÓDIGO | C37: DESCRIPCIÓN | J37: TIPO | K37: TARIFA/HORA | L37: RENDIMIENTO | N37: Vr. UNITARIO
B38: C0010350 | C38: Equipo de pintura (Compresor). Presión máxima de trabajo 7 HP | K38: 24509.711 | L38: =1/10 -> 0.1 | N38: =K38*L38 -> 2450.9711
B39: C0010120 | C39: Camioneta de estacas 4x4 | K39: 58532.156 | L39: =1/10 -> 0.1 | N39: =K39*L39 -> 5853.2156
N40: =K40*L40 -> 0
N41: =K41*L41 -> 0
N42: =K42*L42 -> 0
N43: =K43*L43 -> 0
N44: =K44*L44 -> 0
N45: =K45*L45 -> 0
N46: =K46*L46 -> 0
N47: =K47*L47 -> 0
N48: =K48*L48 -> 0
N49: =K49*L49 -> 0
N50: =K50*L50 -> 0
N51: =K51*L51 -> 0
C52: HERRAMIENTA MENOR (%) | L52: 0.05 | N52: =L52*N98 -> 181.14583
B53: SUBTOTAL $ | N53: =SUM(N38:N52) -> 8485.3325
B55: II. MATERIALES
B57: CÓDIGO | C57: DESCRIPCIÓN | J57: UNIDAD | K57: CANTIDAD | L57: PRECIO UNIT. | N57: Vr. UNITARIO
B58: B0013940 | C58: Microesferas reflectivas de vidrio | J58: kg | K58: 0.4804 | L58: 6589.9787 | N58: =K58*L58 -> 3165.8258
B59: B014002 | C59: Disolvente para pintura de demarcacion vial (XILOL) | J59: gl | K59: 0.0652 | L59: 55100.714 | N59: =K59*L59 -> 3592.5666
B60: B0014740 | C60: Pintura acrílica pura para demarcacion vial. | J60: gl | K60: 0.1293 | L60: 137435.24 | N60: =K60*L60 -> 17770.377
N61: =K61*L61 -> 0
N62: =K62*L62 -> 0
N63: =K63*L63 -> 0
N64: =K64*L64 -> 0
N65: =K65*L65 -> 0
N66: =K66*L66 -> 0
N67: =K67*L67 -> 0
N68: =K68*L68 -> 0
N69: =K69*L69 -> 0
N70: =K70*L70 -> 0
N71: =K71*L71 -> 0
N72: =K72*L72 -> 0
B73: SUBTOTAL $ | N73: =SUM(N58:N72) -> 24528.769
B75: III. TRANSPORTES
B77: CÓDIGO | C77: DESCRIPCIÓN | I77: UNIDAD | J77: CANTIDAD (1) | K77: DISTANCIA (2) | L77: (1) * (2) | M77: TARIFA | N77: Vr. UNITARIO
N78: =L78*M78 -> 0
N79: =L79*M79 -> 0
N80: =L80*M80 -> 0
N81: =L81*M81 -> 0
N82: =L82*M82 -> 0
B83: SUBTOTAL $ | N83: =SUM(N78:N82) -> 0
B85: IV. MANO DE OBRA
B87: CÓDIGO | C87: DESCRIPCIÓN | I87: JORNAL | J87: PRESTACIONES (%) | K87: JR. TOTAL | L87: RENDIMIENTO | N87: Vr. UNITARIO
B88: A0030030 | C88: Obrero (3) | I88: =K88/J88*100 -> 100000 | J88: 185 | K88: 185000 | L88: 80 | N88: =K88/L88 -> 2312.5
B89: A0040010 | C89: Oficial | I89: =K89/J89*100 -> 56666.667 | J89: 185 | K89: 104833.33 | L89: 80 | N89: =K89/L89 -> 1310.4167
B98: SUBTOTAL $ | N98: =SUM(N88:N97) -> 3622.9167
B100: TOTAL COSTO DIRECTO $ | N100: =N53+N73+N83+N98 -> 36637.018
B102: V. COSTOS INDIRECTOS
B104: DESCRIPCIÓN | K104: Porcentaje | L104: Valor Total
B105: ADMINISTRACION | K105: 0.2 | L105: =K105*N100 -> 7327.4037
B106: IMPREVISTOS | K106: 0.05 | L106: =K106*N100 -> 1831.8509
B107: UTILIDAD | K107: 0.05 | L107: =K107*N100 -> 1831.8509
B108: SUBTOTAL $ | N108: =L105+L106+L107 -> 10991.106
B110: Precio Unitario Total Aproximado al Peso $ | N110: =N100+N108 -> 47628.124
E115: Firma
E116: Nombre:
E117: Representante Legal del Contratista o su Apoderado
E118: Matricula No. :
B120: OBSERVACIONES INTERVENTORÍA:
B125: APROBACIÓN POR INTERVENTORÍA
B126: Nota 1: Cuando se trate de Análisis de precios unitarios correspondientes a ítems de la propuesta económica aprobada, el Interventor aprueba el desglose de los componentes manteniendo el mismo precio unitario de cada ítem, cumpliendo con las especificaciones de construcción vigentes para el proyecto.
B128: Nota 2: Cuando se trate de Análisis de precios unitarios de ítems no previstos, el Interventor aprueba el desglose y precio unitario de cada ítem no previsto, exigiendo la aplicación de los costos correspondientes a insumos y tarifas de la propuesta económica inicial cuando estén contemplados, cumpliendo con las especificaciones de construcción vigente para el proyecto.
E134: Firma
E135: Nombre:
E136: Representante Legal del Interventor o su Apoderado
E137: Matricula No. :
B139: NOTA: Los documentos publicados periódicamente son propiedad del Instituto Nacional de Vías. Su uso con fines comerciales o de lucro a cualquier título sin previa autorización, está totalmente prohibido y constituye una infracción a la normatividad vigente.

Sheet 701.1.1
K1: CÓDIGO | L1: FR-APU-1
C2: INSTITUTO NACIONAL DE VIAS
C3: ANÁLISIS DE PRECIOS UNITARIOS REGIONALIZADOS DE REFERENCIA | K3: VERSIÓN | L3: 2021
C5: ACTUALIZACIÓN PERIÓDICA | K5: PÁGINA
K8: FECHA
L9: (Día) | M9: (Mes) | N9: (Año)
B10: ÍTEM BASE DE APU DE REFERENCIA: | E10: ⊠ | F10: PUBLICACIÓN: | H10: 2022-2 DICIEMBRE 2022
B12: ÍTEM DE PROYECTO PARTICULAR:
B13: ÍTEM DE LA PROPUESTA ECONÓMICA: | E13: □ | H13: ÍTEM NO PREVISTO: | J13: □ | K13: ÍTEM APU PARTICULAR: | M13: □
B14: UNIDAD EJECUTORA: | J14: DIRECCIÓN TERRITORIAL:
B17: CONTRATO No. | D17: FECHA:
B18: OBJETO DEL CONTRATO:
B21: CARRETERA: | J21: SECTOR:
B23: CONTRATISTA:
B25: INTERVENTOR: | K25: CONTRATO No. | M25: FECHA: | N25: ______________
B27: FECHA DE CIERRE DEL PROCESO DE SELECCIÓN DEL CONTRATO: | I27: / | J27: /
F28: (Día) | H28: (Día) | I28: (Mes) | J28: (Año)
B30: DATOS ESPECÍFICOS
B32: ÍTEM | C32: DESCRIPCIÓN | J32: GRUPO DE AJUSTE | L32: UNIDAD | N32: CANTIDAD
B33: 701.1.1 | C33: TACHA RETRORREFLECTIVA - ADHESIVO BITUMINOSO Y/O TERMOPLÁSTICO | L33: u
B35: I. EQUIPO
B37: CÓDIGO | C37: DESCRIPCIÓN | J37: TIPO | K37: TARIFA/HORA | L37: RENDIMIENTO | N37: Vr. UNITARIO
B38: C0010120 | C38: Camioneta de estacas 4x4 | K38: =58532.1556982001-2 -> 58530.156 | L38: =1/250 -> 0.004 | N38: =K38*L38 -> 234.12062
B39: C0010540 | C39: Máquina térmica para aplicación de adhesivo para tacha | K39: =62433.689685701-105 -> 62328.69 | L39: =1/250 -> 0.004 | N39: =K39*L39 -> 249.31476
N40: =K40*L40 -> 0
N41: =K41*L41 -> 0
N42: =K42*L42 -> 0
N43: =K43*L43 -> 0
N44: =K44*L44 -> 0
N45: =K45*L45 -> 0
N46: =K46*L46 -> 0
N47: =K47*L47 -> 0
N48: =K48*L48 -> 0
N49: =K49*L49 -> 0
N50: =K50*L50 -> 0
N51: =K51*L51 -> 0
C52: HERRAMIENTA MENOR (%) | L52: 0.01 | N52: =L52*N98 -> 1.1408333
B53: SUBTOTAL $ | N53: =SUM(N38:N52) -> 484.57621
B55: II. MATERIALES
B57: CÓDIGO | C57: DESCRIPCIÓN | J57: UNIDAD | K57: CANTIDAD | L57: PRECIO UNIT. | N57: Vr. UNITARIO
B58: B0014870 | C58: Resina termoplástica para demarcación vial y tachas | J58: kg | K58: 0.0333 | L58: 7056.91 | N58: =K58*L58 -> 234.9951
B59: B0015090 | C59: Tacha retrorreflectiva bidireccional amarilla y/o blanca (área minima retrorreflectante 6cm2) | J59: u | K59: 1 | L59: 6452.1271 | N59: =K59*L59 -> 6452.1271
N60: =K60*L60 -> 0
N61: =K61*L61 -> 0
N62: =K62*L62 -> 0
N63: =K63*L63 -> 0
N64: =K64*L64 -> 0
N65: =K65*L65 -> 0
N66: =K66*L66 -> 0
N67: =K67*L67 -> 0
N68: =K68*L68 -> 0
N69: =K69*L69 -> 0
N70: =K70*L70 -> 0
N71: =K71*L71 -> 0
N72: =K72*L72 -> 0
B73: SUBTOTAL $ | N73: =SUM(N58:N72) -> 6687.1222
B75: III. TRANSPORTES
B77: CÓDIGO | C77: DESCRIPCIÓN | I77: UNIDAD | J77: CANTIDAD (1) | K77: DISTANCIA (2) | L77: (1) * (2) | M77: TARIFA | N77: Vr. UNITARIO
N78: =L78*M78 -> 0
N79: =L79*M79 -> 0
N80: =L80*M80 -> 0
N81: =L81*M81 -> 0
N82: =L82*M82 -> 0
B83: SUBTOTAL $ | N83: =SUM(N78:N82) -> 0
B85: IV. MANO DE OBRA
B87: CÓDIGO | C87: DESCRIPCIÓN | I87: JORNAL | J87: PRESTACIONES (%) | K87: JR. TOTAL | L87: RENDIMIENTO | N87: Vr. UNITARIO
B88: A0030020 | C88: Obrero (2) | I88: =K88/J88*100 -> 66666.667 | J88: 185 | K88: 123333.33 | L88: 2000 | N88: =K88/L88 -> 61.666667
B89: A0040010 | C89: Oficial | I89: =K89/J89*100 -> 56666.667 | J89: 185 | K89: 104833.33 | L89: 2000 | N89: =K89/L89 -> 52.416667
B98: SUBTOTAL $ | N98: =SUM(N88:N97) -> 114.08333
B100: TOTAL COSTO DIRECTO $ | N100: =N53+N73+N83+N98 -> 7285.7818
B102: V. COSTOS INDIRECTOS
B104: DESCRIPCIÓN | K104: Porcentaje | L104: Valor Total
B105: ADMINISTRACION | K105: 0.2 | L105: =K105*N100 -> 1457.1564
B106: IMPREVISTOS | K106: 0.05 | L106: =K106*N100 -> 364.28909
B107: UTILIDAD | K107: 0.05 | L107: =K107*N100 -> 364.28909
B108: SUBTOTAL $ | N108: =L105+L106+L107 -> 2185.7345
B110: Precio Unitario Total Aproximado al Peso $ | N110: =N100+N108 -> 9471.5163
E115: Firma
E116: Nombre:
E117: Representante Legal del Contratista o su Apoderado
E118: Matricula No. :
B120: OBSERVACIONES INTERVENTORÍA:
B125: APROBACIÓN POR INTERVENTORÍA
B126: Nota 1: Cuando se trate de Análisis de precios unitarios correspondientes a ítems de la propuesta económica aprobada, el Interventor aprueba el desglose de los componentes manteniendo el mismo precio unitario de cada ítem, cumpliendo con las especificaciones de construcción vigentes para el proyecto.
B128: Nota 2: Cuando se trate de Análisis de precios unitarios de ítems no previstos, el Interventor aprueba el desglose y precio unitario de cada ítem no previsto, exigiendo la aplicación de los costos correspondientes a insumos y tarifas de la propuesta económica inicial cuando estén contemplados, cumpliendo con las especificaciones de construcción vigente para el proyecto.
E134: Firma
E135: Nombre:
E136: Representante Legal del Interventor o su Apoderado
E137: Matricula No. :
B139: NOTA: Los documentos publicados periódicamente son propiedad del Instituto Nacional de Vías. Su uso con fines comerciales o de lucro a cualquier título sin previa autorización, está totalmente prohibido y constituye una infracción a la normatividad vigente.

Sheet 710.1.1
K1: CÓDIGO | L1: FR-APU-1
C2: INSTITUTO NACIONAL DE VIAS
C3: ANÁLISIS DE PRECIOS UNITARIOS REGIONALIZADOS DE REFERENCIA | K3: VERSIÓN | L3: 2021
C5: ACTUALIZACIÓN PERIÓDICA | K5: PÁGINA
K8: FECHA
L9: (Día) | M9: (Mes) | N9: (Año)
B10: ÍTEM BASE DE APU DE REFERENCIA: | E10: ⊠ | F10: PUBLICACIÓN: | H10: 2022-2 DICIEMBRE 2022
B12: ÍTEM DE PROYECTO PARTICULAR:
B13: ÍTEM DE LA PROPUESTA ECONÓMICA: | E13: □ | H13: ÍTEM NO PREVISTO: | J13: □ | K13: ÍTEM APU PARTICULAR: | M13: □
B14: UNIDAD EJECUTORA: | J14: DIRECCIÓN TERRITORIAL:
B17: CONTRATO No. | D17: FECHA:
B18: OBJETO DEL CONTRATO:
B21: CARRETERA: | J21: SECTOR:
B23: CONTRATISTA:
B25: INTERVENTOR: | K25: CONTRATO No. | M25: FECHA: | N25: ______________
B27: FECHA DE CIERRE DEL PROCESO DE SELECCIÓN DEL CONTRATO: | I27: / | J27: /
F28: (Día) | H28: (Día) | I28: (Mes) | J28: (Año)
B30: DATOS ESPECÍFICOS
B32: ÍTEM | C32: DESCRIPCIÓN | J32: GRUPO DE AJUSTE | L32: UNIDAD | N32: CANTIDAD
B33: 710.1.1 | C33: SEÑAL VERTICAL DE TRANSITO TIPO SR, SP Y/O SI, TABLERO EN LÁMINA CON LAMINA RETRORREFLECTIVA TIPO IX (75X75 cm) | L33: u
B35: I. EQUIPO
B37: CÓDIGO | C37: DESCRIPCIÓN | J37: TIPO | K37: TARIFA/HORA | L37: RENDIMIENTO | N37: Vr. UNITARIO
B38: C0010120 | C38: Camioneta de estacas 4x4 | K38: 58425.156 | L38: =1/4 -> 0.25 | N38: =K38*L38 -> 14606.289
N39: =K39*L39 -> 0
N40: =K40*L40 -> 0
N41: =K41*L41 -> 0
N42: =K42*L42 -> 0
N43: =K43*L43 -> 0
N44: =K44*L44 -> 0
N45: =K45*L45 -> 0
N46: =K46*L46 -> 0
N47: =K47*L47 -> 0
N48: =K48*L48 -> 0
N49: =K49*L49 -> 0
N50: =K50*L50 -> 0
N51: =K51*L51 -> 0
C52: HERRAMIENTA MENOR (%) | L52: 0.05 | N52: =L52*N98 -> 452.86458
B53: SUBTOTAL $ | N53: =SUM(N38:N52) -> 15059.154
B55: II. MATERIALES
B57: CÓDIGO | C57: DESCRIPCIÓN | J57: UNIDAD | K57: CANTIDAD | L57: PRECIO UNIT. | N57: Vr. UNITARIO
B58: B0014800 | C58: Poste para señal de tránsito en ángulo de hierro de 2" x 2" x 1/4" de 3.5m. | J58: u | K58: 1 | L58: 140093.09 | N58: =K58*L58 -> 140093.09
B59: B0014930 | C59: Señal SR, SP y/o SI, tablero en lámina galvanizada de 75x75 cm, calibre 16, retrorreflectiva tipo IX. | J59: u | K59: 1 | L59: 383813.57 | N59: =K59*L59 -> 383813.57
B60: B0123650 | C60: Concreto resistencia 21 MPa | J60: m3 | K60: 0.0334 | L60: 368156.29 | N60: =K60*L60 -> 12296.42
N61: =K61*L61 -> 0
N62: =K62*L62 -> 0
N63: =K63*L63 -> 0
N64: =K64*L64 -> 0
N65: =K65*L65 -> 0
N66: =K66*L66 -> 0
N67: =K67*L67 -> 0
N68: =K68*L68 -> 0
N69: =K69*L69 -> 0
N70: =K70*L70 -> 0
N71: =K71*L71 -> 0
N72: =K72*L72 -> 0
B73: SUBTOTAL $ | N73: =SUM(N58:N72) -> 536203.08
B75: III. TRANSPORTES
B77: CÓDIGO | C77: DESCRIPCIÓN | I77: UNIDAD | J77: CANTIDAD (1) | K77: DISTANCIA (2) | L77: (1) * (2) | M77: TARIFA | N77: Vr. UNITARIO
B78: T0010009 | C78: Transporte de concreto | I78: m3-km | J78: =K60 -> 0.0334 | K78: 5 | L78: =J78*K78 -> 0.167 | M78: 1233.1446 | N78: =L78*M78 -> 205.93515
N79: =L79*M79 -> 0
N80: =L80*M80 -> 0
N81: =L81*M81 -> 0
N82: =L82*M82 -> 0
B83: SUBTOTAL $ | N83: =SUM(N78:N82) -> 205.93515
B85: IV. MANO DE OBRA
B87: CÓDIGO | C87: DESCRIPCIÓN | I87: JORNAL | J87: PRESTACIONES (%) | K87: JR. TOTAL | L87: RENDIMIENTO | N87: Vr. UNITARIO
B88: A0040010 | C88: Oficial | I88: =K88/J88*100 -> 56666.667 | J88: 185 | K88: 104833.33 | L88: 32 | N88: =K88/L88 -> 3276.0417
B89: A0030030 | C89: Obrero (3) | I89: =K89/J89*100 -> 100000 | J89: 185 | K89: 185000 | L89: 32 | N89: =K89/L89 -> 5781.25
B98: SUBTOTAL $ | N98: =SUM(N88:N97) -> 9057.2917
B100: TOTAL COSTO DIRECTO $ | N100: =N53+N73+N83+N98 -> 560525.46
B102: V. COSTOS INDIRECTOS
B104: DESCRIPCIÓN | K104: Porcentaje | L104: Valor Total
B105: ADMINISTRACION | K105: 0.2 | L105: =K105*N100 -> 112105.09
B106: IMPREVISTOS | K106: 0.05 | L106: =K106*N100 -> 28026.273
B107: UTILIDAD | K107: 0.05 | L107: =K107*N100 -> 28026.273
B108: SUBTOTAL $ | N108: =L105+L106+L107 -> 168157.64
B110: Precio Unitario Total Aproximado al Peso $ | N110: =N100+N108 -> 728683.1
E115: Firma
E116: Nombre:
E117: Representante Legal del Contratista o su Apoderado
E118: Matricula No. :
B120: OBSERVACIONES INTERVENTORÍA:
B125: APROBACIÓN POR INTERVENTORÍA
B126: Nota 1: Cuando se trate de Análisis de precios unitarios correspondientes a ítems de la propuesta económica aprobada, el Interventor aprueba el desglose de los componentes manteniendo el mismo precio unitario de cada ítem, cumpliendo con las especificaciones de construcción vigentes para el proyecto.
B128: Nota 2: Cuando se trate de Análisis de precios unitarios de ítems no previstos, el Interventor aprueba el desglose y precio unitario de cada ítem no previsto, exigiendo la aplicación de los costos correspondientes a insumos y tarifas de la propuesta económica inicial cuando estén contemplados, cumpliendo con las especificaciones de construcción vigente para el proyecto.
E134: Firma
E135: Nombre:
E136: Representante Legal del Interventor o su Apoderado
E137: Matricula No. :
B139: NOTA: Los documentos publicados periódicamente son propiedad del Instituto Nacional de Vías. Su uso con fines comerciales o de lucro a cualquier título sin previa autorización, está totalmente prohibido y constituye una infracción a la normatividad vigente.

Sheet 710.1.3
K1: CÓDIGO | L1: FR-APU-1
C2: INSTITUTO NACIONAL DE VIAS
C3: ANÁLISIS DE PRECIOS UNITARIOS REGIONALIZADOS DE REFERENCIA | K3: VERSIÓN | L3: 2021
C5: ACTUALIZACIÓN PERIÓDICA | K5: PÁGINA
K8: FECHA
L9: (Día) | M9: (Mes) | N9: (Año)
B10: ÍTEM BASE DE APU DE REFERENCIA: | E10: ⊠ | F10: PUBLICACIÓN: | H10: 2022-2 DICIEMBRE 2022
B12: ÍTEM DE PROYECTO PARTICULAR:
B13: ÍTEM DE LA PROPUESTA ECONÓMICA: | E13: □ | H13: ÍTEM NO PREVISTO: | J13: □ | K13: ÍTEM APU PARTICULAR: | M13: □
B14: UNIDAD EJECUTORA: | J14: DIRECCIÓN TERRITORIAL:
B17: CONTRATO No. | D17: FECHA:
B18: OBJETO DEL CONTRATO:
B21: CARRETERA: | J21: SECTOR:
B23: CONTRATISTA:
B25: INTERVENTOR: | K25: CONTRATO No. | M25: FECHA: | N25: ______________
B27: FECHA DE CIERRE DEL PROCESO DE SELECCIÓN DEL CONTRATO: | I27: / | J27: /
F28: (Día) | H28: (Día) | I28: (Mes) | J28: (Año)
B30: DATOS ESPECÍFICOS
B32: ÍTEM | C32: DESCRIPCIÓN | J32: GRUPO DE AJUSTE | L32: UNIDAD | N32: CANTIDAD
B33: 710.1.3 | C33: SEÑAL VERTICAL DE TRANSITO TIPO SI-04 (POSTES DE REFERENCIA), REFLECTIVO TIPO IX (1,25m X 0,45m) | L33: u
B35: I. EQUIPO
B37: CÓDIGO | C37: DESCRIPCIÓN | J37: TIPO | K37: TARIFA/HORA | L37: RENDIMIENTO | N37: Vr. UNITARIO
B38: C0010120 | C38: Camioneta de estacas 4x4 | K38: =58532.1556982001-10 -> 58522.156 | L38: =1/3.75 -> 0.26666667 | N38: =K38*L38 -> 15605.908
N39: =K39*L39 -> 0
N40: =K40*L40 -> 0
N41: =K41*L41 -> 0
N42: =K42*L42 -> 0
N43: =K43*L43 -> 0
N44: =K44*L44 -> 0
N45: =K45*L45 -> 0
N46: =K46*L46 -> 0
N47: =K47*L47 -> 0
N48: =K48*L48 -> 0
N49: =K49*L49 -> 0
N50: =K50*L50 -> 0
N51: =K51*L51 -> 0
C52: HERRAMIENTA MENOR (%) | L52: 0.01 | N52: =L52*N98 -> 96.611111
B53: SUBTOTAL $ | N53: =SUM(N38:N52) -> 15702.519
B55: II. MATERIALES
B57: CÓDIGO | C57: DESCRIPCIÓN | J57: UNIDAD | K57: CANTIDAD | L57: PRECIO UNIT. | N57: Vr. UNITARIO
B58: B0014800 | C58: Poste para señal de tránsito en ángulo de hierro de 2" x 2" x 1/4" de 3.5m. | J58: u | K58: 1 | L58: 140093.09 | N58: =K58*L58 -> 140093.09
B59: B0014965 | C59: Señal SI-04 (Poste de referencia). Tablero en lámina galvanizada de 1m ó 1,25m x 0,45m; calibre 20, reflectivo tipo IX. | J59: u | K59: 1 | L59: 356001 | N59: =K59*L59 -> 356001
B60: B0123650 | C60: Concreto resistencia 21 MPa | J60: m3 | K60: 0.0334 | L60: 368156.29 | N60: =K60*L60 -> 12296.42
N61: =K61*L61 -> 0
N62: =K62*L62 -> 0
N63: =K63*L63 -> 0
N64: =K64*L64 -> 0
N65: =K65*L65 -> 0
N66: =K66*L66 -> 0
N67: =K67*L67 -> 0
N68: =K68*L68 -> 0
N69: =K69*L69 -> 0
N70: =K70*L70 -> 0
N71: =K71*L71 -> 0
N72: =K72*L72 -> 0
B73: SUBTOTAL $ | N73: =SUM(N58:N72) -> 508390.5
B75: III. TRANSPORTES
B77: CÓDIGO | C77: DESCRIPCIÓN | I77: UNIDAD | J77: CANTIDAD (1) | K77: DISTANCIA (2) | L77: (1) * (2) | M77: TARIFA | N77: Vr. UNITARIO
B78: T0010009 | C78: Transporte de concreto | I78: m3-km | J78: =K60 -> 0.0334 | K78: 5 | L78: =J78*K78 -> 0.167 | M78: 1233.1446 | N78: =L78*M78 -> 205.93515
N79: =L79*M79 -> 0
N80: =L80*M80 -> 0
N81: =L81*M81 -> 0
N82: =L82*M82 -> 0
B83: SUBTOTAL $ | N83: =SUM(N78:N82) -> 205.93515
B85: IV. MANO DE OBRA
B87: CÓDIGO | C87: DESCRIPCIÓN | I87: JORNAL | J87: PRESTACIONES (%) | K87: JR. TOTAL | L87: RENDIMIENTO | N87: Vr. UNITARIO
B88: A0040010 | C88: Oficial | I88: =K88/J88*100 -> 56666.667 | J88: 185 | K88: 104833.33 | L88: 30 | N88: =K88/L88 -> 3494.4444
B89: A0030030 | C89: Obrero (3) | I89: =K89/J89*100 -> 100000 | J89: 185 | K89: 185000 | L89: 30 | N89: =K89/L89 -> 6166.6667
B98: SUBTOTAL $ | N98: =SUM(N88:N97) -> 9661.1111
B100: TOTAL COSTO DIRECTO $ | N100: =N53+N73+N83+N98 -> 533960.07
B102: V. COSTOS INDIRECTOS
B104: DESCRIPCIÓN | K104: Porcentaje | L104: Valor Total
B105: ADMINISTRACION | K105: 0.2 | L105: =K105*N100 -> 106792.01
B106: IMPREVISTOS | K106: 0.05 | L106: =K106*N100 -> 26698.003
B107: UTILIDAD | K107: 0.05 | L107: =K107*N100 -> 26698.003
B108: SUBTOTAL $ | N108: =L105+L106+L107 -> 160188.02
B110: Precio Unitario Total Aproximado al Peso $ | N110: =N100+N108 -> 694148.09
E115: Firma
E116: Nombre:
E117: Representante Legal del Contratista o su Apoderado
E118: Matricula No. :
B120: OBSERVACIONES INTERVENTORÍA:
B125: APROBACIÓN POR INTERVENTORÍA
B126: Nota 1: Cuando se trate de Análisis de precios unitarios correspondientes a ítems de la propuesta económica aprobada, el Interventor aprueba el desglose de los componentes manteniendo el mismo precio unitario de cada ítem, cumpliendo con las especificaciones de construcción vigentes para el proyecto.
B128: Nota 2: Cuando se trate de Análisis de precios unitarios de ítems no previstos, el Interventor aprueba el desglose y precio unitario de cada ítem no previsto, exigiendo la aplicación de los costos correspondientes a insumos y tarifas de la propuesta económica inicial cuando estén contemplados, cumpliendo con las especificaciones de construcción vigente para el proyecto.
E134: Firma
E135: Nombre:
E136: Representante Legal del Interventor o su Apoderado
E137: Matricula No. :
B139: NOTA: Los documentos publicados periódicamente son propiedad del Instituto Nacional de Vías. Su uso con fines comerciales o de lucro a cualquier título sin previa autorización, está totalmente prohibido y constituye una infracción a la normatividad vigente.
